 Dungeon Sprint DCSS version 0.30-a0-605-gb2882149bf (webtiles) character file.

Game seed: 10803428418554710123

20 mhtbhm the Ruffian (level 2, 0/26 HPs)
             Began as a Troll Transmuter on Jan 7, 2023.
             Was an Initiate of Gozag.
             Slain by a gnoll sergeant
             ... wielding a +2 trident of venom
              (4 damage)
             ... in the Dungeon (Sprint VII: "The Pits").
             The game lasted 00:00:24 (202 turns).

mhtbhm the Ruffian (Troll Transmuter)                Turns: 202, Time: 00:00:24

Health: 0/26       AC:  4    Str: 17    XL:     2   Next: 58%
Magic:  0/3        EV: 10    Int:  9    God:    Gozag
Gold:   198        SH:  0    Dex: 10    Spells: 3/4 levels left

rFire   . . .      SeeInvis .      - Unarmed
rCold   . . .      Faith    .    (no shield)
rNeg    . . .      Spirit   .    a - +0 robe
rPois   .          Reflect  .    (helmet currently unavailable)
rElec   .          Harm     .    (no cloak)
rCorr   .          Rampage  .    (gloves unavailable)
Will    .....      NoTele   +    (boots unavailable)
Stlth   +                        (no amulet)
HPRegen 1.04/turn                (no ring)
MPRegen 0.08/turn                (no ring)

@: appendages (expiring), gold aura
A: horns 2, talons 2, large, unfitting armour, claws 3, regeneration 1, shaggy
fur 1, tough skin 1
a: End Transformation, Renounce Religion, Potion Petition, Call Merchant, Bribe
Branch


You were in the Dungeon.
You worshipped Gozag.
Gozag was aware of your devotion.
You had temporarily grown beastly horns and talons.
You visited 1 branch You collected 198 gold pieces.

Inventory:

Armour
 a - a +0 robe (worn)
Scrolls
 h - a scroll of blinking
 j - 5 scrolls of amnesia
 k - a scroll of butterflies
Potions
 b - a potion of lignification
 c - a potion of curing
 d - a potion of heal wounds
 e - a potion of haste
 f - 4 potions of magic
 g - 3 potions of berserk rage
 i - 2 potions of invisibility


   Skills:
 + Level 0.8 Fighting
 + Level 2.2 Dodging
 + Level 0.7 Stealth
 + Level 4.8 Unarmed Combat
 + Level 1.7 Spellcasting
 + Level 1.8 Transmutations


You had 3 spell levels left.
You knew the following spells:

 Your Spells              Type           Power      Damage    Failure   Level
a - Beastly Appendage     Tmut           8%         N/A       16%         1

Your spell library contained the following spells:

 Spells                   Type           Power      Damage    Failure   Level
 Wereblood                Tmut           4%         N/A       24%         2
 Spider Form              Tmut/Pois      2%         N/A       56%         3
 Ice Form                 Ice/Tmut       2%         N/A       93%         4


Dungeon Overview and Level Annotations

Branches:
Dungeon (1/1)

Altars:
Ashenzari
Cheibriados
Dithmenos
Elyvilon
Fedhas
Gozag
Hepliaklqana
Kikubaaqudgha
Makhleb
Nemelex Xobeh
Okawaru
Qazlal
Ru
Sif Muna
Trog
Uskayaw
Vehumet
Wu Jian
Xom
Yredelemnul
Zin
The Shining One
Jiyva
Lugonu


Innate Abilities, Weirdness & Mutations

You have temporarily grown beastly horns and talons.
You are too large for most types of armour.
You have claws for hands.
Your natural rate of healing is unusually fast.
You are covered in fur. (AC +1)
You have tough skin. (AC +1)


Message History

Nothing appears to happen.
You open the door.
An adder skeleton and 4 gnolls come into view.
The gnoll shouts!
You hear a shout!
A bat comes into view.
Casting: Beastly Appendage (safe; 19% risk of failure)
Confirm with . or Enter, or press ? or * to list all spells.
You grow a pair of large bovine horns.
Your feet morph into talons.
The gnoll shouts! x2
Your transformation is almost over.
The bat hits you but does no damage.
A floating eye comes into view.
You claw the adder skeleton!
You claw the adder skeleton, but do no damage.
The adder skeleton is heavily damaged.
The adder skeleton bites you but does no damage.
The adder skeleton closely misses you.
You closely miss the adder skeleton. Your kick misses the adder skeleton.
The adder skeleton is heavily damaged.
The adder skeleton barely misses you.
You barely miss the adder skeleton. You claw the adder skeleton.
The adder skeleton is almost destroyed.
The adder skeleton bites you.
You scratch the adder skeleton.
You destroy the adder skeleton!
The bat hits you.
Your magical contamination has completely faded away.
You have reached level 2!
You claw the bat!
You kill the bat!
A gnoll sergeant comes into view. It is wielding a +2 trident of venom.
Your Dodging skill increases to level 2!
You claw the gnoll!
You kill the gnoll!
The gnoll sergeant hits you from afar with a +2 trident of venom!
You barely miss the gnoll. The gnoll hits you with a +0 flail!
* * * LOW HITPOINT WARNING * * *
The gnoll sergeant hits you from afar with a +2 trident of venom.
You die...
Your body crumbles into a pile of gold.

#_______...###########
##########'##.........
#.?(.')))'.##......#..
##########.##.........
#..........†'.........
#+#####'#####......#..
#...#)# #.........
#...#.# ####'#####
#..@'.# #.......#
##g#### #.......# #gg.
#.......# #.g.g
#...<...# #....g
#.......# #....G.
#.......# ########
#.......# #########


You could see a gnoll sergeant and 3 gnolls.

Vanquished Creatures
  A gnoll (D)
  An adder skeleton (D)
  An orc (D)
  2 bats (D)
  A quokka (D)
  A ball python (D)
  A frilled lizard (D)
8 creatures vanquished.

Notes
Turn   | Place    | Note
-------+----------+-------------------------------------------
     0 | D        | mhtbhm the Troll Transmuter began the quest for the Orb.
     0 | D        | Reached XP level 1. HP: 18/18 MP: 1/1
    18 | D        | Found a bloodstained altar of Trog.
    18 | D        | Found a shimmering blue altar of Sif Muna.
    18 | D        | Found a viscous altar of Jiyva.
    18 | D        | Found a hazy altar of Hepliaklqana.
    18 | D        | Found an opulent altar of Gozag.
    19 | D        | Found a glowing golden altar of the Shining One.
    19 | D        | Found a glowing silver altar of Zin.
    19 | D        | Found a basalt altar of Yredelemnul.
    19 | D        | Found a shimmering altar of Xom.
    19 | D        | Found an ornate altar of the Wu Jian Council.
    19 | D        | Found a sacrificial altar of Ru.
    19 | D        | Found a stormy altar of Qazlal.
    19 | D        | Found an iron altar of Okawaru.
    19 | D        | Found a sparkling altar of Nemelex Xobeh.
    19 | D        | Found a burning altar of Makhleb.
    19 | D        | Found a blossoming altar of Fedhas.
    19 | D        | Found a white marble altar of Elyvilon.
    19 | D        | Found a shadowy altar of Dithmenos.
    19 | D        | Found a snail-covered altar of Cheibriados.
    21 | D        | Found a radiant altar of Vehumet.
    21 | D        | Found a corrupted altar of Lugonu.
    22 | D        | Found a hide-covered altar of Uskayaw.
    22 | D        | Found an ancient bone altar of Kikubaaqudgha.
    22 | D        | Found a broken altar of Ashenzari.
    26 | D        | Became a worshipper of Gozag Ym Sagoz the Greedy
    84 | D        | Reached skill level 4 in Unarmed Combat
   194 | D        | Noticed a floating eye
   200 | D        | Reached XP level 2. HP: 24/26 MP: 0/3
   200 | D        | Noticed a gnoll sergeant
   202 | D        | Slain by a gnoll sergeant

Illustrated notes

Levels and vault maps discovered:
D:        pitsprint [storerooms_1, entrance_room_1, metal_vault_6, armoury_3,
          mini_pit_1, grid_room_1, main_hall_1, silver_pit, the_coven_1,
          the_vestibule_1, steel_vault_3, golden_pit, hallway_of_sentries,
          crystal_vault_6, iron_vault_4, final_vault]

Skill      XL: |  1  2 |
---------------+-------+-----
Unarmed Combat | 4 |  4.8
Dodging        | 2 |  2.2
Fighting       | |  0.8
Stealth        | |  0.7
Spellcasting   | |  1.7
Transmutations | |  1.8

Action                   || total
-------------------------++-------
Melee: Unarmed           ||    25
       Kick              ||     3
 Cast: Beastly Appendage ||     2
 Stab: Sleeping          ||     2
Armor: Robe              ||     9
Dodge: Dodged            ||    12

Table legend: (Time is in decaauts)
 A = Elapsed time spent in this place.
 B = Non-inter-level travel time spent in this place.
 C = Inter-level travel time spent in this place.
 D = Time resting spent in this place.
 E = Time spent auto-exploring this place.
 F = Levels seen in this place.
 G = Mean time per level.
                   A        B        C        D        E       F      G
               +--------+--------+--------+--------+--------+-----+--------+
         Total |    200 |    200 |      0 |    100 |      0 |   1 |  200.0 |
       Dungeon |    200 |    200 |      0 |    100 |      0 |   1 |  200.0 |
               +--------+--------+--------+--------+--------+-----+--------+

Top non-repeatable levels by time:
       D: 200 daAuts
